Map: Kairos Junction LE

Players

Lambo - Winner!

  • Race: Zerg Zerg
  • League: Grandmaster
  • Spawn Location: 11:00

InZaNe

  • Race: Terran Terran
  • League: Grandmaster
  • Spawn Location: 5:00

VOD

Have the link to the VOD?

Description

Time

  • Played on: Dec. 15, 2018, 8:31 a.m.
  • Length: 17:48
Show
View Real Time Build Order
Export as new Build Order

Lambo Zerg - Winner!

Build Orders: Hatch First 

Get SALT Encoding   

  12  0:01  Drone  
  13  0:12  Overlord  
  13  0:17  Drone  
  14  0:32  Drone x2  
  16  0:48  Hatchery  
  15  0:52  Drone  
  15  0:55  Drone  
  17  0:59  Drone  
  18  1:09  Extractor  
  17  1:14  Spawning Pool  
  17  1:17  Drone  
  17  1:19  Drone  
  18  1:28  Drone  
  19  1:39  Drone  
  20  1:50  Overlord  
  20  2:00  Queen x2  
  24  2:01  Zergling x4  
  26  2:13  Metabolic Boost  
  26  2:15  Drone x2  
  28  2:28  Drone x2  
  30  2:36  Spore Crawler  
  29  2:39  Hatchery  
  29  2:47  Drone x2  
  29  2:50  Pneumatized Carapace  
  30  2:58  Drone  
  30  2:59  Drone  
  30  3:03  Drone x2  
  30  3:05  Drone  
  35  3:12  Overlord  
  35  3:14  Overlord  
  35  3:30  Queen  
  35  3:31  Drone x4  
  35  3:33  Queen  
  43  3:36  Drone  
  43  3:41  Drone  
  45  3:49  Drone x4  
  45  3:55  Zergling x4  
  51  4:01  Overlord  
  51  4:05  Queen  
  51  4:06  Drone x2  
  55  4:10  Zergling x2  
  55  4:13  Lair  
  56  4:17  Queen, Spore Crawler  
  56  4:22  Zergling x4  
  56  4:25  Drone x4  
  56  4:28  Drone  
  56  4:30  Overlord  
  61  4:35  Drone x2  
  61  4:38  Drone x2  
  65  4:43  Spore Crawler  
  65  4:44  Overlord, Drone  
  65  4:49  Overlord  
  65  4:51  Baneling Nest, Drone x2  
  66  4:54  Evolution Chamber x2  
  66  4:55  Zergling x2  
  66  4:56  Drone  
  66  4:57  Drone  
  68  5:01  Drone x2  
  68  5:02  Extractor  
  68  5:04  Extractor  
  68  5:05  Drone x3  
  68  5:06  Drone  
  72  5:15  Drone x3  
  72  5:21  Zerg Ground Armor Level 1  
  75  5:23  Queen  
  77  5:29  Drone x2  
  77  5:30  Drone x3  
  77  5:32  Overlord  
  82  5:36  Overlord  
  82  5:39  Overlord  
  82  5:41  Overlord  
  82  5:42  Zerg Melee Weapons Level 1  
  82  5:43  Queen  
  82  5:44  Overlord, Drone  
  82  5:49  Drone x4  
  89  5:54  Drone  
  90  5:57  Extractor x2  
  90  5:58  Extractor  
  90  6:00  Hydralisk Den, Drone x3  
  88  6:08  Zergling x10  
  88  6:10  Zergling x4  
  88  6:11  Hatchery  
  89  6:16  Drone x2  
  89  6:17  Drone  
  90  6:20  Centrifical Hooks  
  90  6:21  Drone  
  91  6:26  Zergling x4  
  93  6:33  Grooved Spines  
  93  6:35  Queen  
  95  6:40  Hydralisk x2  
  95  6:43  Overlord  
  95  6:44  Hydralisk x2, Zergling x2  
  95  6:45  Zergling x6  
  107  6:50  Hydralisk x2  
  111  6:58  Hydralisk x2  
  111  7:01  Overlord  
  115  7:04  Overlord  
  115  7:08  Overlord  
  115  7:09  Overlord  
  115  7:10  Overlord, Hydralisk x2  
  115  7:11  Hydralisk  
  115  7:12  Zergling x6  
  115  7:14  Baneling  
  115  7:15  Baneling x3  
  123  7:18  Zergling x2  
  124  7:24  Zergling x12  
  127  7:30  Zergling x4  
  127  7:34  Zergling x10  
  133  7:38  Baneling x11  
  133  7:42  Zergling x2  
  133  7:43  Baneling x6  
  134  7:44  Muscular Augments  
  134  7:49  Zergling x6  
  135  7:52  Zergling x2  
  135  7:58  Zerg Ground Armor Level 2, Infestation Pit  
  134  7:59  Overlord  
  134  8:02  Zergling x4  
  134  8:04  Zergling x6  
  134  8:05  Zergling x2  
  139  8:12  Zergling x14  
  132  8:15  Zergling x2  
  132  8:16  Zergling x8  
  122  8:20  Zerg Missile Weapons Level 1  
  122  8:22  Zergling x2  
  116  8:27  Zergling x6  
  116  8:30  Hydralisk  
  108  8:35  Hive  
  108  8:36  Queen  
  108  8:37  Drone  
  111  8:41  Hydralisk x2  
  111  8:42  Hydralisk  
  111  8:44  Baneling x5  
  117  8:52  Hydralisk x2, Zergling x2  
  117  8:53  Zergling x2  
  117  8:55  Hydralisk  
  123  8:56  Zergling x2  
  123  9:01  Hatchery  
  123  9:02  Overlord  
  124  9:03  Drone x4  
  124  9:09  Overlord  
  124  9:12  Hydralisk x3  
  124  9:16  Hydralisk x2  
  131  9:17  Zergling x2  
  131  9:19  Drone x2  
  131  9:21  Overlord  
  133  9:27  Overlord  
  133  9:28  Overlord  
  133  9:33  Hydralisk  
  133  9:34  Zergling x12  
  133  9:35  Zergling x2  
  142  9:50  Zergling x16  
  142  9:51  Baneling x4  
  150  9:52  Baneling x3  
  150  9:53  Baneling x2  
  150  9:55  Viper x2, Adrenal Glands  
  156  10:00  Zergling x10  
  156  10:06  Zergling x6  
  164  10:08  Baneling x8  
  164  10:09  Zergling x2  
  164  10:10  Overlord  
  165  10:18  Queen  
  165  10:20  Zergling x18  
  176  10:24  Queen  
  176  10:27  Drone x3  
  181  10:29  Viper  
  181  10:33  Zerg Melee Weapons Level 2  
  184  10:42  Hydralisk  
  182  10:43  Zergling x16  
  182  10:49  Zerg Ground Armor Level 3  
  192  10:54  Zergling x10  
  197  11:04  Zergling x12  
  199  11:06  Baneling x12  
  199  11:20  Extractor, Drone  
  199  11:21  Extractor  
  199  11:22  Spore Crawler x2  
  199  11:23  Spore Crawler  
  195  11:27  Baneling x5  
  195  11:36  Ultralisk Cavern  
  195  11:37  Spore Crawler  
  195  11:38  Spore Crawler  
  192  11:44  Drone x3  
  192  11:45  Drone x3  
  191  11:56  Zergling x22  
  181  12:11  Zergling x8  
  181  12:12  Zergling x28  
  151  12:16  Viper x4  
  151  12:18  Zergling x2  
  157  12:24  Baneling x7  
  157  12:25  Zergling x14  
  164  12:31  Chitinous Plating  
  164  12:35  Zergling x8  
  168  12:46  Drone x4  
  168  12:48  Hatchery  
  171  12:52  Ultralisk  
  171  12:56  Zerg Melee Weapons Level 3  
  177  13:03  Ultralisk  
  183  13:12  Drone x5  
  184  13:27  Baneling x10  
  184  13:31  Hatchery  
  179  13:47  Overlord  
  179  13:50  Baneling x6  
  179  13:53  Drone x4  
  179  13:54  Overlord, Drone  
  184  13:56  Overlord  
  184  14:02  Ultralisk  
  187  14:12  Overlord  
  187  14:13  Ultralisk x2  
  187  14:14  Spire  
  198  14:19  Baneling x10  
  198  14:24  Zergling x2  
  198  14:28  Unknown  
  193  14:31  Zergling x12  
  198  14:57  Zergling x14  
  195  15:12  Ultralisk x3  
  195  15:14  Viper  
  193  15:16  Zergling x22  
  193  15:20  Anabolic Synthesis  
  187  15:25  Ultralisk x2  
  187  15:28  Zergling x10  
  195  15:30  Greater Spire  
  195  15:34  Drone x4  
  199  15:35  Baneling  
  199  15:36  Baneling, Drone  
  200  15:43  Overseer  
  200  15:44  Overseer  
  200  15:51  Baneling x5  
  200  15:52  Baneling x12  
  200  16:17  Hydralisk x8  
  200  16:18  Hydralisk  
  192  16:21  Zergling x2  
  192  16:22  Zergling x24  
  176  16:28  Zergling x14  
  176  16:31  Zergling x8  
  185  16:35  Overseer  
  185  16:46  Drone x3  
  185  16:47  Drone x2  
  190  16:52  Zergling x2  
  190  16:53  Zergling x12  
  197  16:55  Baneling x5  
  197  16:57  Hatchery  
  193  17:01  Zergling x12  
  193  17:02  Zergling x2  
  200  17:12  Extractor x2  
  200  17:14  Baneling x3  
  200  17:15  Baneling x14  
  198  17:31  Overseer  
  198  17:33  Baneling x17  
Show
View Real Time Build Order
Export as new Build Order

InZaNe Terran 

Build Orders: Reaper Expand 

Get SALT Encoding   

  12  0:00  SCV  
  13  0:13  SCV  
  14  0:17  Supply Depot  
  14  0:25  SCV  
  15  0:38  SCV  
  15  0:40  Barracks  
  16  0:43  Refinery  
  16  0:50  SCV  
  17  1:02  SCV  
  18  1:15  SCV  
  19  1:27  Reaper, Orbital Command  
  20  1:39  Command Center  
  20  1:48  Supply Depot  
  20  1:53  SCV  
  21  1:59  Marine  
  22  2:05  SCV  
  22  2:08  Factory  
  23  2:14  Refinery  
  23  2:17  SCV  
  23  2:22  Barracks Reactor  
  24  2:29  SCV  
  25  2:41  SCV  
  26  2:51  Orbital Command  
  26  2:53  SCV  
  26  2:57  Starport  
  27  3:04  Hellion x2  
  32  3:05  SCV  
  32  3:14  Barracks Tech Lab  
  32  3:17  SCV x2  
  34  3:22  Supply Depot  
  34  3:27  Hellion x2  
  38  3:29  SCV x2  
  40  3:40  Raven  
  42  3:41  SCV  
  42  3:42  Marine, SCV  
  45  3:48  Command Center  
  45  3:53  SCV  
  46  3:58  SCV  
  46  4:00  Supply Depot  
  47  4:03  Barracks Tech Lab  
  47  4:05  SCV  
  48  4:11  SCV  
  48  4:13  Hellion  
  48  4:14  Hellion  
  53  4:17  SCV  
  53  4:23  SCV  
  55  4:24  Raven  
  55  4:26  Marine  
  55  4:29  SCV  
  55  4:30  Refinery  
  59  4:32  Refinery  
  59  4:35  SCV  
  60  4:40  Barracks  
  60  4:41  Stimpack  
  60  4:42  SCV  
  60  4:43  Factory Reactor  
  60  4:44  Barracks  
  61  4:47  SCV  
  62  5:00  Marine, SCV x2  
  62  5:01  Engineering Bay x2  
  62  5:02  Orbital Command  
  65  5:12  SCV x2  
  67  5:16  Starport Reactor  
  67  5:18  Marine  
  68  5:24  SCV x2  
  71  5:29  Terran Infantry Armor Level 1, Terran Infantry Weapons Level 1  
  71  5:31  Supply Depot  
  71  5:32  Orbital Command  
  71  5:34  Marine, Supply Depot  
  71  5:35  Marine  
  71  5:36  SCV x2  
  74  5:47  Barracks  
  74  5:48  Marine, Barracks, SCV x2  
  77  5:52  Marine  
  77  5:53  Siege Tank  
  81  5:57  Marine x2  
  81  5:58  Supply Depot  
  81  5:59  SCV, Supply Depot x2  
  81  6:00  SCV  
  81  6:01  SCV, Medivac  
  81  6:02  Medivac  
  90  6:08  Marine  
  90  6:09  Marine  
  90  6:10  Marine  
  91  6:11  SCV  
  91  6:13  SCV  
  91  6:17  Armory  
  93  6:19  Marine x2, SCV  
  96  6:26  Marine x2  
  96  6:28  Marine  
  96  6:30  Siege Tank  
  96  6:31  SCV x2  
  104  6:37  Marine x2  
  107  6:41  Barracks Reactor x2, Supply Depot  
  107  6:42  Supply Depot  
  107  6:43  Supply Depot  
  107  6:44  Marine, Combat Shield, Supply Depot  
  107  6:46  SCV  
  108  6:48  Marine x2  
  110  6:56  Marine x2  
  110  6:57  SCV x2  
  110  6:58  SCV  
  115  7:02  Medivac  
  115  7:03  Medivac  
  119  7:09  Refinery, SCV  
  119  7:10  Refinery  
  119  7:11  Factory  
  119  7:12  Marine x2  
  125  7:21  Marine x4  
  125  7:22  Marine x3  
  132  7:27  Terran Infantry Weapons Level 2, Terran Infantry Armor Level 2  
  132  7:29  Marine  
  129  7:31  Marine  
  121  7:39  Marine x4  
  121  7:43  Marine x3  
  128  7:47  Marine  
  128  7:49  Marine  
  128  7:52  Siege Tank  
  128  7:53  Medivac  
  128  7:56  Marine, Factory Tech Lab  
  128  7:57  Marine x3  
  137  8:01  Marine  
  137  8:05  Marine x3  
  141  8:06  Terran Vehicle Weapons Level 1  
  128  8:16  Marine  
  128  8:17  Marine x4  
  128  8:18  Marine, Siege Tank  
  116  8:23  Marine x2  
  116  8:24  Marine, Siege Tank  
  102  8:34  Marine  
  102  8:35  Marine x4  
  102  8:36  Marine  
  102  8:40  Marine  
  102  8:41  Marine  
  110  8:45  Medivac x2  
  114  8:50  Siege Tank, Sensor Tower  
  114  8:55  Command Center  
  117  8:57  Barracks  
  117  8:58  Barracks  
  117  8:59  Barracks  
  117  9:00  Marine  
  115  9:07  Marine x7  
  115  9:08  Marine  
  117  9:15  SCV x3  
  120  9:18  Marine  
  120  9:24  Barracks  
  121  9:25  Marine x7, Barracks  
  121  9:26  Marine  
  121  9:27  SCV  
  121  9:28  SCV x2  
  121  9:30  Bunker  
  131  9:36  Marine, Siege Tank x2  
  131  9:37  Medivac x2  
  142  9:39  SCV  
  142  9:40  SCV x2  
  142  9:42  Marine  
  142  9:43  Marine x2  
  148  9:49  Marine x2  
  148  9:50  Marauder  
  148  9:52  Marine x2  
  154  10:00  Supply Depot x2  
  154  10:03  Barracks Tech Lab  
  154  10:06  Terran Infantry Weapons Level 3  
  154  10:08  Siege Tank x2  
  154  10:12  Terran Infantry Armor Level 3  
  160  10:18  Barracks Tech Lab, Terran Vehicle Weapons Level 2  
  147  10:23  Planetary Fortress  
  147  10:32  Marauder x2  
  151  10:38  Marauder, Barracks Tech Lab  
  153  10:42  Marine  
  153  10:47  Marine x3, Siege Tank x2, Medivac  
  153  10:48  Marine x2  
  165  10:52  Marine  
  165  10:54  Marauder x2, Refinery  
  165  10:55  Refinery  
  170  10:58  Concussive Shells, Marauder  
  170  11:00  Marauder  
  170  11:03  Marine  
  170  11:04  Marine  
  167  11:05  Marine  
  169  11:13  Marine  
  169  11:14  Marine x4  
  169  11:15  Marauder x2  
  175  11:19  Marine  
  175  11:20  Siege Tank  
  175  11:21  Marine x2, Siege Tank  
  175  11:22  Marine  
  175  11:23  Marine  
  186  11:31  Marine  
  187  11:34  Marine x3  
  187  11:35  Marine  
  187  11:36  Marine x2  
  187  11:37  Marine  
  187  11:38  Marine  
  195  11:52  Marine x6  
  200  11:54  Marauder  
  194  12:10  Marine x11  
  194  12:15  Marine  
  145  12:17  Siege Tank x2  
  145  12:18  Medivac x2  
  155  12:28  Marine x4  
  155  12:29  Marine x5, Marauder x2  
  164  12:33  Marine  
  164  12:36  Terran Vehicle Weapons Level 3  
  168  12:45  Marine  
  168  12:46  Marine  
  168  12:47  Command Center  
  168  12:48  Marine, Marauder  
  168  12:49  Marine x5, Medivac x2  
  168  12:50  Marine x2  
  183  12:54  Hi-Sec Auto Tracking  
  183  12:55  Neosteel Armor  
  182  13:02  Siege Tank x2  
  182  13:03  Marine, Marauder  
  182  13:04  Marine  
  192  13:06  Marine  
  193  13:24  Marauder  
  193  13:25  Marauder x2  
  194  13:37  Marine x7  
  200  13:42  Ghost Academy  
  199  13:59  Marine  
  184  14:06  Marauder x3  
  189  14:23  Marauder  
  191  14:27  Marauder  
  191  14:30  Marine x6  
  175  14:38  Marine  
  175  14:39  Marine x3  
  175  14:40  Personal Cloaking  
  175  14:44  Marine, Liberator x2  
  173  14:57  Marauder  
  176  15:02  Planetary Fortress, Siege Tank x2, Marauder  
  187  15:11  Marine  
  187  15:12  Marine x5  
  162  15:15  Marine  
  162  15:16  Marine  
  162  15:17  Marauder, Unknown  
  162  15:18  Marauder  
  142  15:23  Marine  
  142  15:25  Marine, Unknown  
  142  15:27  SCV x4  
  132  15:29  Marine  
  132  15:30  Marine x5  
  132  15:33  Marine x2  
  140  15:39  SCV x3, Siege Tank x2  
  140  15:40  Marauder  
  155  15:46  Medivac x2  
  155  15:47  Marine  
  155  15:48  Marine x4  
  166  15:50  Starport  
  166  15:56  Sensor Tower  
  166  16:00  Sensor Tower  
  166  16:01  Marauder  
  168  16:07  Marauder, Unknown  
  168  16:10  Marauder, Unknown  
  172  16:12  Marauder, Unknown  
  147  16:20  Marine  
  147  16:23  Marauder  
  147  16:24  Marine x7  
  111  16:28  Marauder  
  111  16:31  Marine, SCV x3  
  117  16:33  Marine  
  117  16:38  Marine  
  117  16:39  Siege Tank, Medivac x2  
  126  16:42  Marine  
  126  16:43  SCV  
  126  16:44  Marauder, SCV x2  
  126  16:45  Starport Reactor  
  132  16:48  Orbital Command  
  132  16:50  Marauder  
  136  16:58  Command Center  
  136  17:11  Siege Tank  
  136  17:12  Siege Tank  
  142  17:17  Sensor Tower  
  142  17:22  Marine, Marauder  
  151  17:30  Unknown  
Tags
 
Add a new tag
Caveats
  • Supply blocks, unpowered buildings, or Contaminate may cause inaccurate times.
  • Supply counts are checked every 10 seconds.